 Dungeon Crawl Stone Soup version 0.24.0-37-gcf1ca852f1 (webtiles) character file.

Game seed: 18095195030072000516, levelgen mode: deterministic

14 McKennaii the Skirmisher (level 2, -3/22 (24) HPs)
             Began as a Demonspawn Fighter on Nov 26, 2019.
             Succumbed to poison (dark miasma)
             ... on level 3 of the Dungeon.
             The game lasted 00:00:54 (419 turns).

McKennaii the Skirmisher (Demonspawn Fighter)        Turns: 419, Time: 00:00:55

HP:   -3/22 (24)    AC:  6    Str: 16    XL:     2   Next: 31%
MP:   2/2           EV:  6    Int:  9    God:
Gold: 13            SH:  8    Dex: 12    Spells: 1/1 levels left

rFire    . . .     SeeInvis .   a - +0 war axe
rCold    . . .     Gourm    .   c - +0 shield
rNeg     . . .     Faith    .   b - +0 scale mail
rPois    .         Spirit   .   (helmet restricted)
rElec    .         Reflect  .   (no cloak)
rCorr    .         Harm     .   (no gloves)
MR       .....                  (no boots)
Stlth    ..........             (no amulet)
HPRegen  0.07/turn              (no ring)
MPRegen  0.08/turn              (no ring)

@: lethally poisoned (-3 -> -42), wreathed by umbra
A: horns 1
a: no special abilities


You were on level 3 of the Dungeon.
You were not hungry.

You visited 1 branch of the dungeon, and saw 3 of its levels.

You collected 13 gold pieces.

Inventory:

Hand Weapons
 a - a +0 war axe (weapon)
Armour
 b - a +0 scale mail (worn)
 c - a +0 shield (worn)
Scrolls
 g - a scroll of identify {unknown}
Potions
 d - a potion of might
 e - a potion of haste {unknown}
Comestibles
 f - 2 rations


   Skills:
 + Level 3.1 Fighting
 + Level 1.8 Axes
 + Level 3.0 Armour
 + Level 0.1 Dodging
 + Level 2.9 Shields


You had one spell level left.
You didn't know any spells.
Your spell library was empty.

Dungeon Overview and Level Annotations

Branches:
Dungeon (3/15)

Altars:
Yredelemnul
The Shining One


Innate Abilities, Weirdness & Mutations

You have a pair of small horns on your head.


Message History

You feel sick. The bat hits you but does no damage.
The rat bites you but does no damage.
You are engulfed in dark miasma.
You are lethally poisoned!
You feel your flesh rotting away!
* * * LOW HITPOINT WARNING * * *
You feel very sick. The bat hits you but does no damage.
The rat closely misses you. You block the giant cockroach's attack.
* * * LOW HITPOINT WARNING * * *
You feel sick. The bat barely misses you. You block the rat's attack.
You block the giant cockroach's attack.
Really walk into that cloud of foul pestilence? [Y]es or [N]o only, please.
Really walk into that cloud of foul pestilence?
Okay, then.
You miss the giant cockroach. You headbutt the giant cockroach.
The giant cockroach is moderately wounded.
You closely miss the rat.
You die...

#...... #..... #....
... ##.##
#########...##########
##§!§.§.#..)#b☼@☼.☼###
A#._....†...'..sr_.#A#
##§.§.§.#...#[☼.☼.☼###
#########...##########
###########.##
............#
#############


You could see a profane servitor, a giant cockroach, a bat and a rat.

Vanquished Creatures
  A dart slug (D:1)
  An orc (D:3)
  2 bats (D:1)
  3 hobgoblins
  A frilled lizard (D:3)
  3 rats (D:1)
11 creatures vanquished.

Notes
Turn   | Place    | Note
-------+----------+-------------------------------------------
     0 | D:1      | McKennaii the Demonspawn Fighter began the quest for the
                  | Orb.
     0 | D:1      | Reached XP level 1. HP: 18/18 MP: 1/1
   272 | D:1      | Gained mutation: You have a pair of small horns on your
                  | head. [demonic ancestry]
   272 | D:1      | Reached XP level 2. HP: 22/24 MP: 2/2
   396 | D:3      | Found a glowing golden altar of the Shining One.
   398 | D:3      | Noticed an angel
   406 | D:3      | Found a basalt altar of Yredelemnul.
   408 | D:3      | Noticed a profane servitor
   418 | D:3      | HP: 1/22 [poison (dark miasma)]
   419 | D:3      | Succumbed to poison (dark miasma)

Levels and vault maps discovered:
D:1:      saegor_arrival_miasma, layout_basic, hangedman_abyss_or_decor_stabs,
          chequers_garden, minmay_rat_gold_closets
D:2:      layout_basic, nicolae_qazlal_eye_of_the_storm, uniq_jessica,
          uniq_robin
D:3:      layout_basic, grunt_temple_overflow_holy_war, uniq_ijyb

Skill      XL: |  1  2 |
---------------+-------+-----
Armour         | 3 |  3.0
Fighting       | |  3.1
Axes           | |  1.8
Dodging        | |  0.1
Shields        | |  2.9

Action                   || total
-------------------------++-------
Melee: War axe           ||    27
       Headbutt          ||     1
Armor: Scale mail        ||    33
Dodge: Dodged            ||    18
Block: Shield            ||    23
